Map: 2000 Atmospheres LE

Players

ViBE - Winner!

  • Race: Protoss Protoss
  • League: Diamond
  • Spawn Location: 7:00

Shoefish

  • Race: Zerg Zerg
  • League: Diamond
  • Spawn Location: 3:00

VOD

Have the link to the VOD?

Description

Time

  • Played on: April 16, 2021, 9:57 p.m.
  • Length: 12:23
Show
View Real Time Build Order
Export as new Build Order

ViBE Protoss - Winner!

Build Orders: 1 Gate Expand 

Get SALT Encoding   

  12  0:00  Probe  
  13  0:13  Probe  
  14  0:24  Pylon  
  14  0:25  Probe  
  15  0:42  Probe (Chrono Boost)  
  16  0:49  Gateway  
  16  0:54  Probe (Chrono Boost)  
  17  0:57  Assimilator  
  17  1:02  Probe (Chrono Boost)  
  18  1:10  Probe  
  19  1:22  Probe  
  20  1:30  Nexus  
  20  1:41  Cybernetics Core  
  20  1:44  Probe  
  21  1:56  Probe  
  21  1:58  Assimilator  
  21  2:00  Pylon  
  22  2:08  Probe  
  23  2:20  Probe  
  23  2:21  Stalker, Warp Gate  
  26  2:29  Gateway  
  26  2:33  Probe (Chrono Boost)  
  27  2:40  Pylon  
  27  2:42  Probe (Chrono Boost)  
  29  2:46  Probe (Chrono Boost)  
  29  2:47  Probe (Chrono Boost)  
  29  2:51  Stargate  
  30  2:56  Probe  
  31  2:59  Probe  
  31  3:01  Shield Battery  
  31  3:04  Pylon  
  32  3:10  Probe  
  32  3:12  Probe  
  36  3:13  Adept  
  36  3:18  Adept  
  38  3:23  Probe (Chrono Boost)  
  38  3:24  Probe (Chrono Boost)  
  40  3:36  Void Ray  
  40  3:41  Probe x2  
  46  3:49  Adept  
  46  3:50  Pylon, Adept  
  50  3:58  Probe x2  
  52  4:11  Probe  
  52  4:12  Probe  
  52  4:14  Void Ray  
  58  4:26  Probe x2  
  58  4:30  Nexus  
  60  4:32  Pylon  
  60  4:35  Pylon  
  60  4:38  Probe x2  
  62  4:44  Adept x2  
  60  4:54  Void Ray (Chrono Boost)  
  60  4:58  Probe x2  
  63  5:12  Adept x2  
  61  5:15  Probe x2  
  61  5:17  Assimilator  
  61  5:18  Assimilator  
  63  5:27  Probe x2  
  65  5:29  Void Ray (Chrono Boost)  
  65  5:35  Nexus  
  69  5:42  Probe x2  
  70  5:51  Pylon  
  70  5:52  Pylon  
  70  5:57  Pylon  
  70  6:07  Robotics Facility, Pylon  
  70  6:08  Forge  
  70  6:09  Probe x2  
  70  6:10  Pylon  
  72  6:18  Adept  
  72  6:21  Probe x2  
  76  6:29  Shield Battery  
  76  6:33  Probe x2 (Chrono Boost)  
  76  6:34  Gateway x2  
  76  6:36  Gateway  
  76  6:39  Adept x2  
  82  6:42  Gateway  
  82  6:43  Probe x2 (Chrono Boost), Protoss Ground Weapons Level 1, Twilight Council  
  84  7:14  Zealot x2  
  88  7:16  Probe x3  
  88  7:18  Assimilator x2  
  88  7:19  Immortal  
  88  7:20  Charge  
  95  7:29  Templar Archives  
  95  7:30  Probe x3  
  95  7:34  Pylon  
  95  7:35  Zealot x3  
  95  7:36  Zealot x2  
  108  7:38  Pylon  
  108  7:41  Pylon  
  108  7:45  Nexus  
  108  7:57  Probe x3  
  111  8:04  Pylon  
  111  8:07  Pylon  
  111  8:12  Probe x3  
  114  8:21  Zealot x6  
  114  8:22  Immortal  
  130  8:41  Probe x2  
  132  8:49  Probe  
  132  8:52  Gateway x2  
  132  8:53  Probe  
  132  8:54  Gateway, Probe  
  135  8:55  Gateway, Immortal  
  135  8:56  Probe  
  135  8:59  Pylon  
  135  9:01  Probe  
  137  9:03  Assimilator  
  137  9:05  Protoss Ground Weapons Level 2 (Chrono Boost)  
  137  9:06  Assimilator  
  137  9:07  High Templar x6  
  153  9:13  Probe  
  153  9:14  Probe x3  
  157  9:26  Probe x4  
  161  9:35  Observer  
  161  9:37  Nexus  
  162  9:38  Pylon  
  162  9:41  Pylon  
  162  9:45  Zealot x2, Pylon  
  164  9:46  Zealot x6  
  178  10:00  Immortal  
  178  10:02  Zealot x2  
  186  10:15  High Templar  
  186  10:16  High Templar x4  
  186  10:17  High Templar x2  
  186  10:20  Archon x3  
  200  10:52  Archon x2  
  200  10:53  Archon  
  200  11:05  Gateway  
  200  11:07  Gateway  
  200  11:10  Gateway  
  200  11:14  Gateway  
  200  11:18  Gateway  
  200  11:22  Gateway  
  200  11:25  Gateway  
  200  11:26  Gateway  
  200  11:28  Gateway  
  200  11:32  Gateway  
  194  11:37  Robotics Facility  
  166  11:42  Gateway  
  166  11:44  Gateway, Zealot x10  
  172  11:51  Pylon  
  162  11:57  Fleet Beacon  
Show
View Real Time Build Order
Export as new Build Order

Shoefish Zerg 

Build Orders: Hatch First 

Get SALT Encoding   

  12  0:01  Drone  
  13  0:12  Overlord  
  13  0:16  Drone  
  14  0:31  Drone x2  
  14  0:35  Drone  
  17  0:54  Hatchery  
  17  0:56  Drone  
  17  0:59  Drone  
  18  1:10  Extractor  
  17  1:15  Spawning Pool  
  17  1:18  Drone  
  17  1:22  Drone  
  18  1:28  Drone  
  19  1:39  Drone  
  20  1:49  Overlord  
  20  2:03  Overlord  
  20  2:04  Queen  
  20  2:07  Queen  
  24  2:09  Drone  
  24  2:14  Metabolic Boost  
  25  2:17  Drone x2  
  25  2:22  Drone  
  28  2:28  Drone  
  29  2:38  Drone  
  29  2:39  Drone  
  31  2:47  Drone  
  32  2:55  Roach Warren  
  31  3:00  Drone  
  31  3:01  Drone  
  31  3:04  Overlord  
  33  3:05  Hatchery  
  32  3:14  Overlord x2  
  32  3:16  Overlord  
  32  3:20  Overlord  
  32  3:30  Overlord  
  32  3:36  Roach  
  32  3:37  Roach x3  
  32  3:39  Roach  
  42  3:53  Zergling x10  
  42  3:54  Zergling x4  
  42  3:55  Zergling x2  
  50  3:57  Zergling x2  
  51  4:10  Queen  
  51  4:13  Zergling x6  
  56  4:19  Overlord  
  56  4:20  Zergling x4  
  58  4:32  Zergling x18  
  66  4:46  Zergling x4  
  66  4:47  Zergling x2  
  52  5:20  Drone x7  
  52  5:21  Drone x7  
  64  5:22  Lair  
  56  5:28  Drone  
  51  5:47  Roach x2  
  55  5:51  Spore Crawler  
  55  5:52  Spore Crawler x2  
  55  5:55  Queen, Spore Crawler x2  
  55  5:56  Queen  
  54  5:59  Spore Crawler  
  54  6:00  Spore Crawler, Drone x6  
  58  6:12  Extractor  
  58  6:14  Extractor  
  56  6:24  Queen  
  58  6:31  Queen  
  60  6:36  Drone x6  
  60  6:37  Drone x7  
  73  6:42  Drone x3  
  73  6:43  Drone  
  73  6:44  Extractor  
  73  6:45  Extractor  
  71  6:59  Drone x2  
  71  7:07  Drone x3  
  73  7:09  Spawning Pool  
  73  7:15  Hydralisk Den  
  71  7:16  Drone x3  
  71  7:18  Drone x5  
  79  7:32  Baneling Nest  
  74  7:53  Extractor  
  73  8:00  Drone x3  
  73  8:05  Roach Warren  
  70  8:20  Hydralisk  
  70  8:21  Hydralisk x8  
  70  8:23  Overlord x5  
  70  8:26  Spawning Pool  
  87  8:50  Muscular Augments  
  87  8:55  Evolution Chamber  
  87  9:00  Evolution Chamber  
  85  9:08  Drone x5  
  85  9:09  Drone x5  
  95  9:24  Hydralisk x2  
  95  9:25  Hydralisk x4  
  95  9:27  Zergling x8  
  111  9:34  Queen  
  111  9:45  Hydralisk x10, Spore Crawler  
  109  9:49  Drone  
  129  9:57  Zergling x2  
  129  10:02  Grooved Spines  
  129  10:07  Spore Crawler  
  129  10:08  Spore Crawler, Drone x2  
  129  10:10  Hatchery  
  128  10:22  Zergling x2  
  128  10:24  Centrifugal Hooks  
  128  10:25  Overlord x3  
  128  10:27  Hatchery  
  128  10:30  Spore Crawler  
  128  10:34  Spore Crawler  
  126  10:41  Zergling x6  
  129  10:47  Drone x7  
  136  11:00  Zergling x10  
  136  11:01  Zergling x8  
  145  11:16  Zergling x8  
  145  11:17  Zergling x2  
  150  11:19  Zergling x6  
  150  11:25  Baneling x11  
  96  11:40  Zergling x2  
  96  11:41  Zergling x16  
  87  11:48  Hydralisk x4  
  87  11:49  Hydralisk x3  
  85  11:57  Overlord  
Tags
 
Add a new tag
Caveats
  • Supply blocks, unpowered buildings, or Contaminate may cause inaccurate times.
  • Supply counts are checked every 10 seconds.